 Dungeon Crawl Stone Soup version 0.29.1-1-gd02db6906a (webtiles) character file.

Game seed: 2270202938825385289

54 raph the Poker (level 3, -3/28 HPs)
             Began as a Merfolk Gladiator on Oct 6, 2022.
             Slain by a gnoll
             ... wielding a +0 halberd
              (14 damage)
             ... on level 2 of the Dungeon.
             The game lasted 00:02:06 (1926 turns).

raph the Poker (Merfolk Gladiator)                  Turns: 1926, Time: 00:02:07

Health: -3/28      AC:  4    Str: 14    XL:     3   Next: 91%
Magic:  3/3        EV: 13    Int:  7    God:
Gold:   116        SH:  0    Dex: 17    Spells: 2/2 levels left

rFire   . . .      SeeInvis .   a - +0 trident
rCold   . . .      Faith    .   (no shield)
rNeg    . . .      Spirit   .   b - +0 leather armour
rPois   .          Reflect  .   c - +0 helmet
rElec   .          Harm     .   (no cloak)
rCorr   .          Rampage  .   (no gloves)
Will    .....                   (no boots)
Stlth   +.........              (no amulet)
HPRegen 0.09/turn               (no ring)
MPRegen 0.08/turn               (no ring)

@: no status effects
A: (nimble swimmer 2), mertail
a: no special abilities


You were on level 2 of the Dungeon.
You visited 1 branch of the dungeon, and saw 2 of its levels.

You collected 116 gold pieces.

Inventory:

Hand Weapons
 a - a +0 trident (weapon)
Missiles
 d - 4 throwing nets
 e - a javelin
 h - 3 silver boomerangs (quivered)
Armour
 b - a +0 leather armour (worn)
 c - a +0 helmet (worn)
Scrolls
 j - a scroll of identify {unknown}
Potions
 f - 2 potions of might {unknown}
 g - a potion of lignification {unknown}
 i - a potion of brilliance {unknown}


   Skills:
 + Level 2.8 Fighting
 * Level 5.0 Polearms
 + Level 2.4 Throwing
 + Level 4.5 Dodging


You had 2 spell levels left.
You didn't know any spells.
Your spell library contained the following spells:

 Spells                   Type           Power      Damage    Failure   Level
 Summon Guardian Golem    Hex/Summ       0%         N/A       87%         3
 Orb of Destruction       Conj           0%         9d5       100%        7
 Spellforged Servitor     Conj/Summ      0%         N/A       100%        7


Dungeon Overview and Level Annotations

Branches:
Dungeon (2/15)

Altars:

Shops:
D:2 =


Innate Abilities, Weirdness & Mutations

((You are very nimble when in or above water. (Stealth+, EV+, Speed+++)))
Your lower body shifts to a powerful aquatic tail in water.


Message History

The endoplasm quivers.
The goblin shouts!
You hear a shout!
You reach to attack!
You hit the goblin.
The goblin is moderately wounded.
You barely miss the goblin. The goblin hits you with a +0 dagger.
You barely miss the goblin. The goblin hits you with a +0 dagger.
You puncture the endoplasm!
You kill the endoplasm!
The goblin closely misses you.
You barely miss the goblin. The goblin hits you but does no damage.
You miss the goblin. The goblin hits you with a +0 dagger.
You barely miss the goblin. The goblin misses you.
You barely miss the goblin. The goblin misses you.
You barely miss the goblin.
A gnoll comes into view. It is wielding a +0 short sword.
The goblin closely misses you.
The gnoll shouts!
You hit the goblin.
The goblin is heavily wounded.
The goblin hits you but does no damage. The goblin hits you with a +0 dagger.
You hit the goblin but do no damage.
The goblin is heavily wounded.
A gnoll comes into view. It is wielding a +0 halberd.
The goblin closely misses you.
The gnoll shouts!
You hit the goblin.
You kill the goblin!
A gnoll comes into view. It is wielding a +0 flail.
Things that are here:
a +0 dagger; a goblin corpse You hit the gnoll but do no damage.
The gnoll hits you with a +0 short sword.
You hit the gnoll.
The gnoll is heavily wounded.
You hit the gnoll.
The gnoll is severely wounded.
The gnoll hits you with a +0 short sword.
The gnoll hits you from afar with a +0 halberd!
Ouch! That really hurt!
You die...

########################
.>......................
#.#####.###############.
.........# #. ......g@.#
#. .........# #.
.......g... ##
.........### #
........g# # .........#
# .........# ######
.......... #..... #.####


You could see 3 gnolls.

Vanquished Creatures
  An adder (D:2)
  A dart slug (D:2)
  3 orcs (D:2)
  5 ball pythons
  3 endoplasms
  2 giant cockroaches (D:1)
  6 goblins
  4 hobgoblins
  2 jackals (D:1)
  2 kobolds
  2 quokkas (D:1)
  A bat (D:1)
  4 rats
36 creatures vanquished.

Vanquished Creatures (others)
  3 fungi (D:2)
  6 plants (D:2)
9 creatures vanquished.

Grand Total: 45 creatures vanquished

Notes
Turn   | Place    | Note
-------+----------+-------------------------------------------
     0 | D:1      | raph the Merfolk Gladiator began the quest for the Orb.
     0 | D:1      | Reached XP level 1. HP: 16/16 MP: 1/1
   166 | D:1      | Reached XP level 2. HP: 23/23 MP: 2/2
   969 | D:2      | Found Agemoajy's Jewellery Emporium.
   985 | D:2      | Reached XP level 3. HP: 26/28 MP: 3/3
  1814 | D:2      | Found a faded altar of an unknown god.
  1820 | D:2      | Reached skill level 5 in Polearms
  1926 | D:2      | Slain by a gnoll

Illustrated notes

Levels and vault maps discovered:
D:1:      eino_arrival_water_star, layout_loops_ring
D:2:      layout_basic, serial_shops, nicolae_shop_advertising_works
          [nicolae_subvault_shop_adworks],
          shapermc_ecumenical_altar_mp_ritualfount, guppyfry_early_orc_mine

Skill      XL: |  1  2  3 |
---------------+----------+-----
Polearms       | 5 |  5.0
Fighting       | |  2.8
Throwing       | |  2.4
Dodging        | |  4.5

Action                   || total
-------------------------++-------
Melee: Trident           ||   136
       Punch             ||     1
  Use: Scroll            ||     3
Armor: Leather armour    ||    33
Dodge: Dodged            ||    93
